 Dungeon Crawl Stone Soup version 0.30-a0-596-g0af90f9a20 (webtiles) character file.

Game seed: 7078470295936508387

51 pokeman the Magician (level 3, -1/20 HPs)
             Began as a Deep Elf Hedge Wizard on Jan 7, 2023.
             Killed from afar by an orc wizard (12 damage)
             ... with a puff of flame
             ... on level 2 of the Dungeon.
             The game lasted 00:02:23 (2114 turns).

pokeman the Magician (Deep Elf Hedge Wizard)        Turns: 2114, Time: 00:02:24

Health: -1/20      AC:  4    Str:  7    XL:     3   Next: 57%
Magic:  11/11      EV: 12    Int: 20    God:
Gold:   125        SH:  0    Dex: 14    Spells: 4/12 levels left

rFire   . . .      SeeInvis .    j - +0 dagger (venom)
rCold   . . .      Faith    .    (no shield)
rNeg    . . .      Spirit   .    b - +0 robe
rPois   .          Reflect  .    c - +0 hat
rElec   .          Harm     .    n - +0 cloak
rCorr   +          Rampage  .    (no gloves)
Will    .....                    i - +0 pair of boots
Stlth   ++                       (no amulet)
HPRegen 0.23/turn                a - ring of resist corrosion
MPRegen 0.12/turn                (no ring)

@: no status effects
A: no striking features
a: no special abilities


You were on level 2 of the Dungeon.
You visited 1 branch of the dungeon, and saw 3 of its levels.

You collected 125 gold pieces.

Inventory:

Hand Weapons
 j - a +0 dagger of venom (weapon)
Armour
 b - a +0 robe (worn)
 c - a +0 hat (worn)
 i - a +0 pair of boots (worn)
 n - a +0 cloak (worn)
Jewellery
 a - a ring of resist corrosion (left hand)
Wands
 m - a wand of roots (10)
Scrolls
 f - a scroll of noise {unknown}
 g - 7 scrolls of identify {unknown}
 l - a scroll of teleportation {unknown}
Potions
 d - a potion of magic
 e - a potion of attraction {unknown}
 h - a potion of mutation {unknown}
 k - a potion of curing {unknown}


   Skills:
 - Level 1.0 Fighting
 - Level 1.0 Armour
 + Level 2.4 Dodging
 + Level 2.4 Stealth
 * Level 5.3 Spellcasting
 + Level 1.9 Conjurations
 - Level 1.1 Summonings
 - Level 1.1 Translocations


You had 4 spell levels left.
You knew the following spells:

 Your Spells              Type           Power      Damage    Failure   Level
a - Magic Dart            Conj           52%        1d5       4%          1
b - Mephitic Cloud        Conj/Pois/Air  7%         N/A       26%         3
c - Call Imp              Summ           9%         N/A       11%         2
d - Blink                 Tloc           18%        N/A       11%         2

Your spell library contained the following spells:

 Spells                   Type           Power      Damage    Failure   Level
 Slow                     Hex            20%        N/A       11%         1
 Cigotuvi's Dreadful Rot  Necr/Pois/Air  10%        N/A       17%         2


Dungeon Overview and Level Annotations

Branches:
Dungeon (3/15)

Altars:

Shops:
D:1 :


Message History

The orc is almost dead.
You kill the orc!
The orc barely misses you.
Your Armour skill increases to level 1!
You hit the orc but do no damage.
The orc looks as sick as possible!
The orc is almost dead.
You kill the orc!
Your Fighting skill increases to level 1!
Things that are here:
a +0 club; a +0 leather armour; an orc corpse
There is a stone staircase leading down here.
Things that are here:
a +0 falchion; a +0 ring mail; an orc corpse
There is a stone staircase leading down here.
Unknown command.
You start resting.
HP restored.
You start resting.
Magic restored.
You climb downwards.
The orc hits you with a +0 hand axe.
There is a stone staircase leading up here.
You closely miss the orc. The orc barely misses you.
You hit the orc but do no damage.
The orc is poisoned.
A goblin comes into view. It is wielding a +0 dagger.
The orc hits you with a +0 hand axe.
You barely miss the orc wizard.
The orc wizard hits you with a +0 dagger.
The orc hits you with a +0 hand axe.
The orc wizard hits you but does no damage.
The orc hits you with a +0 hand axe.
You climb upwards.
There is a stone staircase leading down here.
You barely miss the orc wizard. The orc hits you but does no damage.
The orc wizard hits you but does no damage.
You hit the orc wizard but do no damage.
The orc wizard is poisoned.
The orc barely misses you. The orc wizard casts a spell at you.
The puff of flame hits you!
Ouch! That really hurt!
You die...

.#.##..#§.# #.≈#
......##≈.# #.≈#
##.#####≈.######.≈#
##'## #§........≈#
#...####.≈≈≈§≈§≈≈≈#
.....##'###########
......#..###.#.#.#
.<.....#.##....#o#
.....(.+.......#@#
.......#.##...##o#
......##.........#
.....######...####
#...## #...# ##+##
#...# #.# ##.## #.#
#.# ##.#### #.#


You could see an orc wizard (very poisoned) and an orc (very poisoned).

Vanquished Creatures
  An adder (D:2)
  2 worms (D:2)
  2 dart slugs
  2 orcs (D:2)
  2 ball pythons
  A bat (D:1)
  5 endoplasms
  2 giant cockroaches
  3 goblins
  3 hobgoblins
  A quokka (D:2)
  A frilled lizard (D:1)
  A kobold (D:1)
26 creatures vanquished.

Notes
Turn   | Place    | Note
-------+----------+-------------------------------------------
     0 | D:1      | pokeman the Deep Elf Hedge Wizard began the quest for the
                  | Orb.
     0 | D:1      | Reached XP level 1. HP: 10/10 MP: 7/7
   207 | D:1      | Found Houmig's Book Shop.
   354 | D:1      | Reached XP level 2. HP: 12/15 MP: 2/9
  1004 | D:2      | Reached skill level 5 in Spellcasting
  1004 | D:2      | Reached XP level 3. HP: 20/20 MP: 6/11
  1008 | D:2      | Learned a level 3 spell: Mephitic Cloud
  1011 | D:2      | Learned a level 2 spell: Call Imp
  1014 | D:2      | Learned a level 2 spell: Blink
  1565 | D:2      | Found a faded altar of an unknown god.
  2063 | D:2      | Reached skill level 1 in Armour
  2064 | D:2      | Reached skill level 1 in Fighting
  2114 | D:2      | Killed from afar by an orc wizard

Illustrated notes

Levels and vault maps discovered:
D:1:      dpeg_arrival_radiant, layout_basic, serial_shops,
          nicolae_shop_hallway_stairs, st_stairs_14
D:2:      layout_loops_corners, ebering_ecumenical_altar_ruins,
          kennysheep_pointless_box
D:3:      layout_basic, zin_purify, dk_yredelemnul_ordeal, minivault_11

Skill      XL: |  1  2  3 |
---------------+----------+-----
Spellcasting   | 5 |  5.3
Armour         | 1 |  1.0
Fighting       | 1 |  1.0
Dodging        | |  2.4
Stealth        | |  2.4
Conjurations   | |  1.9
Summonings     | |  1.1
Translocations | |  1.1

Action                   || total
-------------------------++-------
Melee: Dagger            ||    19
 Cast: Magic Dart        ||    72
       Mephitic Cloud    ||     1
 Stab: Confused          ||     1
Armor: Robe              ||    12
Dodge: Dodged            ||    20

Table legend: (Time is in decaauts)
 A = Elapsed time spent in this place.
 B = Non-inter-level travel time spent in this place.
 C = Inter-level travel time spent in this place.
 D = Time resting spent in this place.
 E = Time spent auto-exploring this place.
 F = Levels seen in this place.
 G = Mean time per level.
                   A        B        C        D        E       F      G
               +--------+--------+--------+--------+--------+-----+--------+
         Total |   2114 |   2063 |     51 |     94 |   1728 |   3 |  704.7 |
       Dungeon |   2114 |   2063 |     51 |     94 |   1728 |   3 |  704.7 |
               +--------+--------+--------+--------+--------+-----+--------+

Top non-repeatable levels by time:
     D:2: 1213 daAuts
     D:1: 886 daAuts
     D:3: 14 daAuts
